 Dungeon Crawl Stone Soup version 0.31-a0-424-g41b3b0883d (webtiles) character file.

Game seed: 118957290986739722

2914 Bnni the Skirmisher (level 9, -4/48 (57) HPs)
             Began as a Tengu Hunter on July 30, 2023.
             Was a Follower of Okawaru.
             Slain by a wight
             ... wielding a +5 falchion
              (14 damage)
             ... on level 6 of the Dungeon.
             The game lasted 00:12:49 (4602 turns).

Bnni the Skirmisher (Tengu Hunter)                  Turns: 4602, Time: 00:12:49

HP:   -4/48 (57)    AC: 24    Str: 12    XL:     9   Next: 78%
MP:   12/12         EV:  5    Int:  9    God:    Okawaru [*.....]
Gold: 293           SH:  0    Dex: 22    Spells: 8/8 levels left

rFire   + . .        z - +1 dagger (elec)
rCold   + . .        (no shield)
rNeg    . . .        H - +9 scales of the Dragon King {rPois rF+ rC+ Will+}
rPois   +            (helmet restricted)
rElec   .            (no cloak)
rCorr   .            j - +0 pair of gloves
SInv    .            (boots unavailable)
Will    ++...        (no amulet) Stlth
                     v - ring of willpower
HPRegen 0.28/turn    a - +5 ring of evasion
MPRegen 0.13/turn

%: no passive effects
@: flying quickly and evasively, heavily drained, quick
A: beak, talons 3, nimble flight
a: Renounce Religion, Heroism


You were on level 6 of the Dungeon.
You worshipped Okawaru.
Okawaru was aware of your devotion.
You visited 2 branches of the dungeon, and saw 7 of its levels.
You also visited: Sewer and Ossuary.

You collected 293 gold pieces.

Inventory:

Hand Weapons
 k - the +6 sling of the Solemn God {heavy, rPois Int+4 Dex+3 Stlth+}
   (You found it on level 2 of the Dungeon)

   Int:       It affects your intelligence (+4).
   Dex:       It affects your dexterity (+3).
   rPois:     It protects you from poison.
   Stlth:     It makes you more stealthy.
 n - a +1 dagger of venom
 z - a +1 dagger of electrocution (weapon)
 A - a +0 orcbow
Missiles
 q - 2 curare-tipped darts
 t - 14 poisoned darts
Armour
 j - a +0 pair of gloves (worn)
 l - a +2 ring mail of cold resistance
 H - the +9 scales of the Dragon King (worn) {rPois rF+ rC+ Will+}
   (You found it on level 6 of the Dungeon)

   rF:        It protects you from fire.
   rC:        It protects you from cold.
   rPois:     It protects you from poison.
   Will:      It increases your willpower.
Jewellery
 a - a +5 ring of evasion (right hand)
 v - a ring of willpower (left hand)
Wands
 f - a wand of flame (12)
 G - a wand of polymorph (14)
Scrolls
 b - 3 scrolls of butterflies
 d - 2 scrolls of silence {unknown}
 e - a scroll of poison {unknown}
 g - 3 scrolls of revelation
 h - a scroll of enchant weapon {unknown}
 m - a scroll of fog {unknown}
 r - a scroll of acquirement {unknown}
 s - a scroll of blinking {unknown}
 y - 3 scrolls of fear
 C - a scroll of torment {unknown}
 D - a scroll of enchant armour {unknown}
 E - a scroll of teleportation {unknown}
Potions
 c - a potion of attraction {unknown}
 i - 2 potions of curing
 o - 3 potions of brilliance {unknown}
 p - a potion of might {unknown}
 u - 2 potions of mutation {unknown}
 w - 2 potions of heal wounds
 x - a potion of invisibility {unknown}
 B - a potion of berserk rage {unknown}
 F - a potion of cancellation {unknown}


   Skills:
 + Level 7.1 Fighting
 * Level 0.5 Long Blades
 - Level 11.4 Ranged Weapons
 + Level 5.0 Armour
 - Level 2.1 Dodging
 - Level 1.0 Stealth
 * Level 2.7 Invocations


You had 8 spell levels left.
You didn't know any spells.
Your spell library contained the following spells:

 Spells                   Type           Power      Damage    Failure   Level
 Sandblast                Erth           0%         2d4       100%        1
 Blink                    Tloc           0%         N/A       100%        2
 Lesser Beckoning         Tloc           0%         N/A       100%        2
 Momentum Strike          Conj/Tloc      0%         3d8       100%        2
 Passwall                 Tmut/Erth      0%         N/A       100%        2
 Stone Arrow              Conj/Erth      0%         3d7       100%        3


Dungeon Overview and Level Annotations

Branches:
Dungeon (6/15)             Temple (1/1) D:4           Sewer (visited)
Ossuary (visited)

Altars:
Ashenzari
Cheibriados
Dithmenos
Elyvilon
Fedhas
Gozag
Kikubaaqudgha
Makhleb
Nemelex Xobeh
Okawaru
Ru
Sif Muna
Trog
Uskayaw
Vehumet
Wu Jian
Xom
Yredelemnul
Zin


Innate Abilities, Weirdness & Mutations

You have a beak for a mouth.
You have claws for feet.
Your magical nature lets you fly swiftly and evasively.


Message History

Your kick misses the wight. You peck the wight, but do no damage.
The wight is almost destroyed.
The wight hits you with a +5 trident!
You feel drained. The wight hits you but does no damage.
You hit the wight. Your kick misses the wight. You peck the wight.
You destroy the wight!
Okawaru accepts your kill. The wight hits you with a +5 falchion.
You feel drained.
You are too injured to fight recklessly!
You are too injured to fight recklessly!
You hit the wight but do no damage. The wight hits you but does no damage.
You closely miss the wight. You claw the wight, but do no damage.
The wight hits you with a +5 falchion.
You barely miss the wight. You claw the wight, but do no damage.
Your peck misses the wight. The wight hits you with a +5 falchion.
* * * LOW HITPOINT WARNING * * *
You feel drained.
Unknown command.
You closely miss the wight. You claw the wight, but do no damage.
Your peck misses the wight. The wight hits you but does no damage.
You hit the wight but do no damage. You claw the wight, but do no damage.
The wight hits you but does no damage.
You closely miss the wight. You claw the wight, but do no damage.
The wight hits you but does no damage.
You hit the wight but do no damage. Your peck misses the wight.
The wight hits you but does no damage.
You barely miss the wight. Your kick misses the wight.
The wight barely misses you.
You hit the wight but do no damage. Your kick misses the wight.
The wight hits you but does no damage.
You hit the wight.
The wight is lightly damaged.
You hit the wight but do no damage. You claw the wight! You peck the wight.
The wight is heavily damaged.
The wight hits you with a +5 falchion!
* * * LOW HITPOINT WARNING * * *
You hit the wight but do no damage.
The wight is heavily damaged.
The wight hits you with a +5 falchion!
You die...

######.#.. .........# .
.........## .. .......... ...
.........# .... .........# ....
############<..)z### ...#...
#.........# #.#@...# .......
#.........# #.#....##.. .......
#.........# #.#........ .......
#.........###......#..# .....
#...................... #....
#.........##.........## #####8
#.....................# ##..###
#...........#......##..###.....#
#####...#..##................#..


You could see a wight.

Vanquished Creatures
  Pikel (D:4)
  Sigmund (D:3)
  Duvessa (D:6)
  2 ice beasts
  3 ogres
  A centaur (D:5)
  A lemure (D:4)
  A bullfrog (D:6)
  3 kobold brigands
  2 scorpions
  6 wights
  Dowan (D:6)
  2 centaur zombies (Ossuary)
  2 orc priests
  A jelly (D:5)
  A gnoll bouda (D:5)
  3 hounds
  Natasha (thrice) (D:2)
  5 iguanas
  4 orc wizards
  5 mummies (Ossuary)
  6 gnolls
  7 adders
  2 river rats (D:4)
  A shadow imp (D:5)
  2 white imps
  7 worms
  3 dart slugs
  12 orcs
  3 bats (D:1)
  6 endoplasms
  A giant cockroach (D:4)
  4 goblins
  6 hobgoblins
  3 jackals (D:4)
  15 kobolds
  6 quokkas
  8 ball pythons
  A frilled lizard (D:1)
  5 hobgoblin zombies (Ossuary)
  12 rats
159 creatures vanquished.

Notes
Turn   | Place    | Note
-------+----------+-------------------------------------------
     0 | D:1      | Bnni the Tengu Hunter began the quest for the Orb.
     0 | D:1      | Reached XP level 1. HP: 12/12 MP: 2/2
   195 | D:1      | Reached XP level 2. HP: 17/17 MP: 3/3
   766 | D:2      | Noticed Natasha
   776 | D:2      | Killed Natasha
   777 | D:2      | Reached skill level 5 in Ranged Weapons
   777 | D:2      | Reached XP level 3. HP: 11/22 MP: 4/4
   839 | D:2      | Noticed Natasha
   842 | D:2      | Killed Natasha
   843 | D:2      | Reached XP level 4. HP: 27/27 MP: 5/5
  1056 | D:2      | You fall into a shaft and drop 1 floor!
  1236 | D:2      | Noticed Natasha
  1241 | D:2      | Killed Natasha
  1242 | D:2      | Reached skill level 6 in Ranged Weapons
  1242 | D:2      | Gained mutation: Your magical nature lets you fly swiftly
                  | and evasively. [Tengu growth]
  1242 | D:2      | Reached XP level 5. HP: 32/32 MP: 6/6
  1252 | D:2      | Identified the +6 sling of the Solemn God {heavy, rPois
                  | Int+4 Dex+3 Stlth+}
  1292 | D:2      | Found a faded altar of an unknown god.
  1674 | D:3      | Noticed Sigmund
  1679 | D:3      | Killed Sigmund
  1680 | D:3      | Reached skill level 7 in Ranged Weapons
  1680 | D:3      | Reached skill level 1 in Armour
  1680 | D:3      | Reached XP level 6. HP: 37/38 MP: 7/7
  1947 | D:3      | Found an ornate altar of the Wu Jian Council.
  2391 | D:4      | Found a staircase to the Ecumenical Temple.
  2401 | Temple   | Entered the Ecumenical Temple
  2406 | D:4      | Reached XP level 7. HP: 43/43 MP: 8/8
  2416 | D:4      | Found a glowing drain.
  2427 | Sewer    | Entered a sewer
  2928 | Sewer    | Reached skill level 8 in Ranged Weapons
  2983 | D:4      | Found a shimmering altar of Xom.
  3029 | D:4      | Reached XP level 8. HP: 26/48 MP: 9/9
  3032 | D:4      | Reached skill level 5 in Fighting
  3132 | D:4      | Found a burning altar of Makhleb.
  3196 | D:4      | Noticed Pikel
  3221 | D:4      | Killed Pikel
  3222 | D:4      | Reached skill level 9 in Ranged Weapons
  3478 | D:5      | Entered Level 5 of the Dungeon
  3482 | D:5      | Reached skill level 5 in Armour
  3587 | D:5      | Reached skill level 10 in Ranged Weapons
  3594 | D:5      | Reached XP level 9. HP: 41/55 MP: 10/10
  4163 | D:5      | Found an iron altar of Okawaru.
  4169 | D:5      | Became a worshipper of Warmaster Okawaru
  4209 | D:6      | Reached skill level 11 in Ranged Weapons
  4235 | D:6      | Found a sand-covered staircase.
  4245 | D:6      | Noticed Dowan
  4250 | D:6      | Noticed Duvessa
  4251 | Ossuary  | Entered an ossuary
  4258 | Ossuary  | Reached skill level 1 in Invocations
  4445 | D:6      | Killed Duvessa
  4446 | D:6      | Killed Dowan
  4493 | D:6      | Reached * piety under Okawaru
  4533 | D:6      | Found the +9 scales of the Dragon King {rPois rF+ rC+
                  | Will+}
  4602 | D:6      | Slain by a wight

Illustrated notes

Levels and vault maps discovered:
D:1:      dpeg_arrival_tiny_h, layout_basic
D:2:      layout_loops_ring, shapermc_ecumenical_altar_acropolis,
          minmay_between, uniq_natasha
D:3:      layout_loops_corners, nzn_wu_jian_council_hall, uniq_sigmund
D:4:      nicolae_cairo_tiling_large_dashed, layout_cave_pools,
          mainiacjoe_overflow_paths, mainiacjoe_overflow_surrounded_room,
          portal_sewer_entry_a, uniq_pikel
D:5:      layout_cave_pools, mainiacjoe_overflow_alcove_4
D:6:      layout_rooms, lightli_ossuary_entry_decrepit_ruins, uniq_duvessa
Temple:   regret_index_temple_waves

Skill      XL: |  1  2  3  4  5  6  7  8  9 |
---------------+----------------------------+-----
Ranged Weapons | 5 6 7 8 10 11 | 11.4
Fighting       | 3 4 6 7 |  7.1
Armour         | 1 2 3 5 |  5.0
Invocations    | 2 |  2.7
Long Blades    | |  0.5
Dodging        | |  2.1
Stealth        | |  1.0

Action                     |  1- 3 |  4- 6 |  7- 9 || total
---------------------------+-------+-------+-------++-------
  Melee: Dagger            |       |       |    21 ||    21
         Kick              |       |       |     8 ||     8
         Peck              |       |       |     3 ||     3
   Fire: Shortbow          |    66 |    37 |       ||   103
         Sling             |       |    40 |   233 ||   273
  Throw: Dart              |       |       |     2 ||     2
    Use: Scroll            |       |       |     5 ||     5
 Armour: Leather armour    |     6 |     1 |       ||     7
         Ring mail         |       |     1 |    21 ||    22
         Gold dragon scale |       |       |    20 ||    20
  Dodge: Dodged            |    19 |    13 |    95 ||   127

Table legend: (Time is in decaauts)
 A = Elapsed time spent in this place.
 B = Non-inter-level travel time spent in this place.
 C = Inter-level travel time spent in this place.
 D = Time resting spent in this place.
 E = Time spent auto-exploring this place.
 F = Levels seen in this place.
 G = Mean time per level.
                   A        B        C        D        E       F      G
               +--------+--------+--------+--------+--------+-----+--------+
         Total |   4509 |   4375 |    134 |    294 |   2988 |   9 |  501.0 |
       Dungeon |   3819 |   3685 |    134 |    223 |   2591 |   6 |  636.5 |
        Temple |      1 |      1 |      0 |      0 |      0 |   1 |    1.0 |
         Sewer |    520 |    520 |      0 |      0 |    396 |   1 |  520.0 |
       Ossuary |    167 |    167 |      0 |     71 |      0 |   1 |  167.0 |
               +--------+--------+--------+--------+--------+-----+--------+

Top non-repeatable levels by time:
     D:3: 870 daAuts
     D:4: 732 daAuts
     D:2: 728 daAuts
     D:1: 725 daAuts
   Sewer: 520 daAuts
     D:5: 498 daAuts
     D:6: 264 daAuts
 Ossuary: 167 daAuts
  Temple: 1 daAuts
